 Dungeon Crawl Stone Soup version 0.25.0-1-g7eea58d2a3 (webtiles) character file.

Game seed: 8223941892978306985

527 inmateoo the Insei (level 7, -4/46 HPs)
             Began as an Octopode Transmuter on June 13, 2020.
             Killed from afar by an orc wizard (10 damage)
             ... with a magic dart
             ... on level 4 of the Dungeon.
             The game lasted 00:05:31 (3756 turns).

inmateoo the Insei (Octopode Transmuter)            Turns: 3756, Time: 00:05:32

Health: -4/46      AC:  1    Str: 15    XL:     7   Next: 23%
Magic:  0/12       EV: 14    Int: 18    God:
Gold:   240        SH:  0    Dex: 12    Spells: 6/12 levels left

rFire    . . .     SeeInvis +   h - +2 mace (protect)
rCold    . . .     Gourm    .   (no shield)
rNeg     . . .     Faith    .   (helmet restricted)
rPois    .         Spirit   +   p - amulet of guardian spirit
rElec    .         Reflect  .   j - +6 ring of strength
rCorr    .         Harm     .   o - ring of see invisible
MR       .....                  (no ring)
Stlth    ++........             (no ring)
HPRegen  0.15/turn              (no ring)
MPRegen  0.13/turn              (no ring)
                                (no ring)
                                (no ring)

@: lethally poisoned (-4 -> -6), very slightly contaminated
A: almost no armour, stealthy swim, amphibious, 8 rings, constrict 8, camouflage
1, gelatinous body 1
a: no special abilities


You were on level 4 of the Dungeon.
You were not hungry.

You visited 1 branch of the dungeon, and saw 4 of its levels.

You collected 240 gold pieces.

Inventory:

Hand Weapons
 h - a +2 mace of protection (weapon)
Missiles
 a - 50 arrows
Magical Staves
 b - an uncursed staff of earth {unknown}
Jewellery
 j - a +6 ring of strength (left tentacle)
 o - a ring of see invisible (right tentacle)
 p - an amulet of guardian spirit (around mantle)
Wands
 m - a wand of random effects (18)
Scrolls
 d - 4 scrolls of remove curse
 s - 2 scrolls of enchant armour
Potions
 e - a potion of berserk rage {unknown}
 f - a potion of might
 g - a potion of magic
 i - 2 potions of mutation
 k - 3 potions of curing
 l - 2 potions of heal wounds
 q - a potion of cancellation
 r - a potion of ambrosia {unknown}
Comestibles
 c - 5 rations
 n - 2 chunks of flesh


   Skills:
 + Level 3.0 Fighting
 + Level 3.5 Dodging
 * Level 5.2 Unarmed Combat
 + Level 3.3 Spellcasting
 + Level 3.4 Transmutations


You had 6 spell levels left.
You knew the following spells:

 Your Spells              Type           Power        Failure   Level  Hunger
a - Beastly Appendage     Tmut           ###...       3%          1    None
b - Sticks to Snakes      Tmut           ###.....     6%          2    ##.....
c - Spider Form           Tmut/Pois      #.........   24%         3    ###....

Your spell library contained the following spells:

 Spells                   Type           Power        Failure   Level  Hunger
 Confusing Touch          Hex            #.......     43%         3    ###....
 Gell's Gravitas          Tloc           #.........   43%         3    ###....
 Ice Form                 Ice/Tmut       #.......     61%         4    ####...
 Petrify                  Tmut/Erth      #.......     61%         4    ####...
 Blade Hands              Tmut           ###.......   71%         5    ######.
 Yara's Violent Unravell  Hex/Tmut       #.........   91%         5    ######.
 Metabolic Englaciation   Hex/Ice        #.........   99%         5    ######.


Dungeon Overview and Level Annotations

Branches:
Dungeon (4/15)
 Temple: D:4-7

Altars:
Fedhas
Uskayaw
Zin


Innate Abilities, Weirdness & Mutations

You cannot wear most types of armour.
You are very stealthy in the water. (Stealth+)
You are amphibious.
You can wear up to eight rings at the same time.
You can use your tentacles to constrict eight enemies at once.
Your skin changes colour to match your surroundings (Stealth+).
Your rubbery body absorbs attacks. (AC +1, EV +1)


Message History

Press: ? - help, Shift-Dir - straight line, f/p - worker ant
Aim: a worker ant The worker ant appears confused.
You feel sick. The worker ant barely misses you.
The orc wizard looks braver for a moment.
Unknown command.
Unknown command.
You see here a quarterstaff.
You feel sick.
The worker ant misses the orc wizard.
The worker ant barely misses itself.
You feel sick.
You feel sick.
The orc wizard points at you and mumbles some strange words.
The puff of flame hits you.
* * * LOW HITPOINT WARNING * * *
The worker ant misses the orc wizard.
The worker ant seems less confused.
The orc wizard gestures at you while chanting.
The magic dart hits you!
You die...

#)#.### #.# #.#...##
#.# #......## ###)#
#.......# ##.#.# #
#.......# ##.#..####
#.......# #.###..[..
##.....#######.#..##..
#................##..
#.#.@#########.######
#.#...# #รท# #.##..#
##.##
#..#######...#####
#.................
#...######...#####
#...# ##.....#.
#.ao######......#.
#.....)aoZ......#.


You could see a worker ant and an orc wizard (fast, invisible).

Vanquished Creatures
  2 ogres (D:4)
  An orc priest (D:3)
  2 orc wizards
  Crazy Yiuf (D:2)
  A worker ant (D:4)
  Natasha (thrice) (D:2)
  5 adders
  An ooze (D:4)
  An adder skeleton (D:4)
  3 worms
  2 dart slugs (D:1)
  3 leopard geckos
  10 orcs
  11 bats
  6 giant cockroaches
  4 goblins
  8 hobgoblins
  2 jackals (D:4)
  A quokka (D:3)
  3 frilled lizards
  7 kobolds
  A leopard gecko zombie (D:2)
  11 rats
89 creatures vanquished.

Vanquished Creatures (collateral kills)
  A bat (D:3)
1 creature vanquished.

Grand Total: 90 creatures vanquished

Notes
Turn   | Place    | Note
-------+----------+-------------------------------------------
     0 | D:1      | inmateoo the Octopode Transmuter began the quest for the
                  | Orb.
     0 | D:1      | Reached XP level 1. HP: 13/13 MP: 3/3
   226 | D:1      | Reached XP level 2. HP: 16/18 MP: 5/5
   572 | D:1      | Reached XP level 3. HP: 23/23 MP: 6/6
   873 | D:2      | Learned a level 2 spell: Sticks to Snakes
   877 | D:2      | Learned a level 3 spell: Spider Form
   941 | D:2      | Noticed Natasha
   957 | D:2      | Killed Natasha
   957 | D:2      | Reached XP level 4. HP: 17/28 MP: 7/7
  1129 | D:2      | Noticed Natasha
  1137 | D:2      | Killed Natasha
  1268 | D:2      | Found a glowing silver altar of Zin.
  1289 | D:2      | Noticed Natasha
  1299 | D:2      | Killed Natasha
  1299 | D:2      | Reached skill level 4 in Unarmed Combat
  1299 | D:2      | Reached XP level 5. HP: 17/34 MP: 8/8
  1495 | D:2      | Found a runed translucent door.
  1496 | D:2      | Noticed Crazy Yiuf
  1780 | D:2      | Killed Crazy Yiuf
  2648 | D:3      | Found a blossoming altar of Fedhas.
  2690 | D:3      | Reached XP level 6. HP: 23/40 MP: 10/10
  3189 | D:4      | Found a hide-covered altar of Uskayaw.
  3469 | D:4      | Reached skill level 5 in Unarmed Combat
  3469 | D:4      | Reached XP level 7. HP: 45/45 MP: 7/11
  3756 | D:4      | Killed from afar by an orc wizard

Illustrated notes

Levels and vault maps discovered:
D:1:      eino_arrival_cavern_a, layout_basic, minmay_bisected
D:2:      layout_rooms, zin_academy, uniq_crazy_yiuf_cottage, uniq_natasha
D:3:      layout_loops_ring, fedhas_altar_1, first_ration
D:4:      layout_loops_ring, eat_drink_and_be_merry_uskayaw

Skill      XL: |  1  2  3  4  5  6  7 |
---------------+----------------------+-----
Unarmed Combat | 4 5 |  5.2
Fighting       | 2 3 |  3.0
Dodging        | 3 |  3.5
Transmutations | 3 |  3.4
Spellcasting   | 3 |  3.3

Action                   |  1- 3 |  4- 6 |  7- 9 || total
-------------------------+-------+-------+-------++-------
Melee: Unarmed           |     8 |    18 |    11 ||    37
       Constrict         |    17 |    16 |     4 ||    37
       Mace              |    56 |    77 |    10 ||   143
       Tentacles         |     8 |    14 |     3 ||    25
       Punch             |     1 |       |       ||     1
 Cast: Beastly Appendage |     2 |       |       ||     2
       Sticks to Snakes  |     2 |     3 |     1 ||     6
       Spider Form       |       |     4 |     2 ||     6
Evoke: Wand              |       |     3 |     2 ||     5
  Use: Scroll            |     5 |     6 |       ||    11
       Potion            |       |     1 |       ||     1
 Stab: Sleeping          |     5 |     5 |       ||    10
  Eat: Chunk             |       |     9 |     1 ||    10
Armor: Skin              |    15 |    17 |     2 ||    34
Dodge: Dodged            |    49 |    67 |    19 ||   135
